 Dungeon Crawl Stone Soup version 0.31-a0-844-gdc52ec4e09 (webtiles) character file.

Game seed: 7969958825361907790

4 Ethylacetat the Changeling (level 1, 0/19 HPs)
             Began as an Octopode Shapeshifter on Sept 30, 2023.
             Slain by a ball python (1 damage)
             ... on level 2 of the Dungeon.
             The game lasted 00:00:35 (241 turns).

Ethylacetat the Changeling (Octopode Shapeshifter)   Turns: 241, Time: 00:00:36

Health: 0/19       AC: 20    Str: 13    XL:     1   Next: 70%
Magic:  1/1        EV:  2    Int: 12    God:
Gold:   45         SH:  0    Dex: 11    Spells: 0/0 levels left

rFire   . .          .
                       - Unarmed
rCold   . . .        (no shield)
rNeg    . . .        (helmet currently unavailable)
rPois   +            (no amulet)
rElec   .            f - +5 ring of evasion
rCorr   .            (no ring)
SInv    .            (no ring)
Will    .....        (no ring)
Stlth   +            (no ring)
HPRegen 0.23/turn    (no ring)
MPRegen 0.07/turn    (no ring)
                     (no ring)

%: no passive effects
@: tree-form
A: stationary, stasis, torment immunity, boosted hp, almost no armour,
(amphibious), 8 rings, (camouflage 1), (gelatinous body 1), (nimble swimmer 1),
(tentacles)
a: no special abilities


You were on level 2 of the Dungeon.
You were a tree.
You visited 1 branch of the dungeon, and saw 2 of its levels.

You collected 45 gold pieces.

Inventory:

Jewellery
 f - a +5 ring of evasion (left branch)
Talismans
 b - a beast talisman
 c - a flux talisman
Scrolls
 d - a scroll of identify {unknown}
 g - a scroll of blinking {unknown}
Potions
 e - a potion of berserk rage {unknown}
 h - a potion of degeneration {unknown}


   Skills:
 + Level 1.1 Fighting
 + Level 2.1 Dodging
 + Level 3.0 Unarmed Combat
 * Level 3.1 Shapeshifting


You couldn't memorise any spells.
You didn't know any spells.
Your spell library contained the following spells:

 Spells                   Type           Power      Damage    Failure   Level
 Gell's Gravitas          Tloc           0%         N/A       69%         3
 Teleport Other           Tloc           0%         N/A       69%         3
 Dispersal                Tloc           0%         N/A       100%        6


Dungeon Overview and Level Annotations

Branches:
Dungeon (1/15)

Altars:


Innate Abilities, Weirdness & Mutations

You are a tree.
Your roots penetrate the ground, keeping you stationary.
You cannot be teleported.
You are immune to unholy pain and torment.
Your maximum health is greatly increased.
You cannot wear most types of armour.
((You are amphibious.))
You can wear up to eight rings at the same time.
((Your skin changes colour to match your surroundings (Stealth+).))
((Your rubbery body absorbs attacks. (AC +1, EV +1)))
((You are camouflaged when in or above water. (Stealth+)))
((You have tentacles for arms and can constrict up to eight enemies at once.))


Message History

A ball python comes into view.
Natasha stares at you and mumbles some strange words.
The magic dart hits you.
Found a viscous silvery potion.
Natasha casts a spell at you. The magic dart hits you.
Your transformation has ended.
You turn into a tree.
Your roots penetrate the ground.
An endoplasm comes into view.
Natasha casts a spell at you. You resist with significant effort.
You barely miss Natasha. Natasha claws you but does no damage.
You closely miss Natasha. Natasha claws you but does no damage.
You hit Natasha but do no damage. Natasha claws you but does no damage.
You smack Natasha!
Natasha is severely wounded.
A ball python comes into view.
The ball python bites you but does no damage.
The ball python grabs you. The ball python constricts you.
You barely miss Natasha.
Natasha is severely wounded.
The ball python hisses angrily.
Natasha claws you but does no damage.
The ball python bites you but does no damage.
The ball python constricts you.
You closely miss Natasha.
Natasha is severely wounded.
Natasha claws you. The ball python completely misses you.
The ball python constricts you.
You hit the ball python.
You kill the ball python!
Natasha howls an incantation.
Natasha shimmers violently.
Natasha claws you.
* * * LOW HITPOINT WARNING * * *
You smack Natasha!
You kill Natasha!
Natasha screams in fury as she dies!
The ball python bites you.
You die...

##### ###### !.
.....##....# ...
#.##.......# ....
#...##.....###....
..................
..................
#######....S......
#$..♣†......
#...........
###.#.......
#.........
###....... .......
....... ###....


You could see a ball python.

Vanquished Creatures
  Natasha (D:2)
  2 ball pythons
  An endoplasm (D:1)
  A kobold (D:1)
  A rat (D:1)
6 creatures vanquished.

Notes
Turn   | Place    | Note
-------+----------+-------------------------------------------
     0 | D:1      | Ethylacetat the Octopode Shapeshifter began the quest for
                  | the Orb.
     0 | D:1      | Reached XP level 1. HP: 13/13 MP: 1/1
   226 | D:1      | You fall into a shaft and drop 1 floor!
   229 | D:2      | Noticed Natasha
   241 | D:2      | Killed Natasha
   241 | D:2      | Slain by a ball python

Illustrated notes

Levels and vault maps discovered:
D:1:      lordsloth_arrival_two_stooges, layout_loops_corners
D:2:      layout_rooms, basic_altar, lightli_corner_chamber, uniq_natasha

Action                     || total
---------------------------++-------
  Melee: Unarmed           ||    15
         Punch             ||     2
         Constrict         ||     1
         Tentacles         ||     1
    Use: Potion            ||     1
   Stab: Sleeping          ||     1
 Armour: Skin              ||    12
  Dodge: Dodged            ||     6

Table legend: (Time is in decaauts)
 A = Elapsed time spent in this place.
 B = Non-inter-level travel time spent in this place.
 C = Inter-level travel time spent in this place.
 D = Time resting spent in this place.
 E = Time spent auto-exploring this place.
 F = Levels seen in this place.
 G = Mean time per level.
                   A        B        C        D        E       F      G
               +--------+--------+--------+--------+--------+-----+--------+
         Total |    239 |    239 |      0 |      0 |    192 |   2 |  119.5 |
       Dungeon |    239 |    239 |      0 |      0 |    192 |   2 |  119.5 |
               +--------+--------+--------+--------+--------+-----+--------+

Top non-repeatable levels by time:
     D:1: 225 daAuts
     D:2: 14 daAuts
